Map: 匹昂台地

Players

诡丶计 - Winner!

  • Race: Zerg Zerg
  • League: Master

喵帕斯 - Winner!

  • Race: Zerg Zerg
  • League: Master

iGJim

  • Race: Protoss Protoss
  • League: Master

iGRushcrazy

  • Race: Protoss Protoss
  • League: Master

Event: GPL 2015 - Grand Finals

VOD

Have the link to the VOD?

Description

Time

  • Played on: Jan. 9, 2016, 9:37 a.m.
  • Length: 14:09

All games in this series

Show
View Real Time Build Order
Export as new Build Order

诡丶计 Zerg - Winner!

Build Orders: Hatch First, Lurkers 

Get SALT Encoding   

  12  0:00  Drone  
  13  0:13  Overlord  
  13  0:17  Drone  
  14  0:31  Drone x2  
  16  0:49  Hatchery  
  15  0:52  Drone  
  15  0:57  Drone  
  17  0:59  Drone  
  18  1:06  Extractor  
  17  1:15  Spawning Pool  
  17  1:17  Drone  
  17  1:22  Drone  
  18  1:29  Drone  
  19  1:39  Drone  
  20  1:50  Drone  
  21  2:01  Queen  
  21  2:02  Queen  
  21  2:03  Zergling x2  
  21  2:04  Drone  
  27  2:08  Metabolic Boost  
  27  2:14  Overlord  
  27  2:17  Drone  
  28  2:31  Hatchery  
  28  2:35  Zergling x4  
  28  2:36  Zergling x2  
  30  2:38  Zergling x2  
  31  2:46  Queen  
  31  2:50  Overlord  
  32  2:54  Zergling x2  
  32  2:55  Drone  
  32  2:58  Drone  
  35  3:05  Overlord  
  35  3:09  Drone  
  36  3:13  Drone x3  
  36  3:14  Drone x2  
  36  3:19  Overlord  
  41  3:26  Drone x2  
  43  3:32  Drone x2  
  45  3:41  Drone x2  
  45  3:44  Lair, Drone x2  
  45  3:47  Drone  
  45  3:48  Drone  
  51  3:50  Zergling x2  
  51  3:55  Extractor  
  51  3:57  Zergling x10, Extractor  
  53  4:05  Drone x2  
  53  4:09  Drone  
  56  4:13  Drone  
  56  4:14  Roach Warren, Drone  
  56  4:15  Drone  
  56  4:17  Drone  
  59  4:18  Drone x4  
  63  4:26  Overlord  
  63  4:27  Drone x3  
  66  4:33  Drone, Extractor  
  66  4:37  Overlord  
  66  4:43  Hatchery, Drone  
  65  4:55  Roach  
  65  4:56  Spine Crawler, Roach x7  
  65  4:58  Glial Reconstitution  
  80  5:02  Overlord  
  80  5:04  Overlord  
  80  5:10  Queen, Extractor  
  80  5:14  Overlord  
  80  5:28  Roach x9  
  88  5:31  Roach  
  88  5:35  Roach  
  90  5:40  Overlord  
  90  5:41  Drone  
  91  5:43  Roach  
  91  5:51  Overlord  
  91  5:52  Overseer  
  91  5:54  Roach x2  
  93  6:03  Overlord  
  93  6:05  Roach x5  
  93  6:08  Drone x3  
  93  6:09  Drone  
  102  6:23  Drone  
  102  6:24  Queen  
  104  6:30  Drone x3  
  107  6:35  Overseer  
  107  6:37  Zergling x2  
  107  6:38  Zergling x14  
  115  6:43  Drone x2  
  117  6:47  Overlord x2  
  116  6:55  Roach x2  
  115  7:05  Roach  
  115  7:06  Roach x8  
  126  7:12  Roach x2  
  124  7:17  Roach  
  124  7:18  Roach x2  
  126  7:24  Roach x2  
  130  7:31  Overlord  
  129  7:45  Drone x3  
  129  7:49  Drone x5  
  129  7:51  Drone x5  
  139  7:54  Queen  
  139  7:55  Evolution Chamber, Hydralisk Den  
  139  7:56  Spine Crawler  
  138  8:07  Ravager  
  138  8:08  Ravager  
  138  8:10  Drone x5  
  143  8:13  Queen, Drone  
  143  8:14  Ravager, Extractor  
  143  8:15  Ravager, Extractor  
  143  8:16  Ravager  
  143  8:19  Queen, Drone  
  147  8:30  Zerg Ground Armor Level 1, Hydralisk  
  147  8:31  Hydralisk  
  147  8:32  Overlord x2  
  147  8:33  Overlord  
  151  8:34  Overseer  
  151  8:35  Ravager  
  151  8:37  Overlord  
  151  8:38  Lurker Den  
  123  8:48  Overlord  
  123  8:49  Drone x2  
  123  8:51  Zergling x2  
  123  8:52  Zergling x14  
  95  9:10  Hydralisk  
  95  9:11  Hydralisk x8  
  95  9:14  Drone  
  113  9:20  Roach x2  
  113  9:23  Drone  
  118  9:24  Drone  
  118  9:29  Queen  
  117  9:33  Overseer  
  117  9:35  Roach  
  117  9:36  Roach x2  
  123  9:40  Drone x2  
  125  9:47  Roach x7  
  132  10:00  Roach  
  132  10:01  Roach x7  
  133  10:08  Roach x4  
  117  10:14  Roach  
  117  10:15  Roach x2  
  117  10:16  Zergling x2  
  117  10:18  Zergling x2  
  107  10:22  Ravager, Drone x2  
  107  10:25  Roach  
  105  10:31  Roach x2  
  105  10:38  Drone x2  
  105  10:39  Drone x3  
  110  10:45  Drone x3  
  110  10:48  Drone  
  114  10:53  Drone  
  114  10:54  Drone x2  
  114  10:55  Drone  
  117  11:04  Zergling x10  
  116  11:07  Lurker  
  116  11:10  Zergling x4, Lurker  
  124  11:12  Drone  
  124  11:14  Lurker  
  124  11:15  Lurker  
  124  11:16  Lurker  
  124  11:17  Lurker  
  129  11:20  Zergling x4  
  129  11:23  Queen  
  130  11:25  Zergling x2  
  130  11:26  Zergling x2  
  130  11:30  Overseer  
  128  11:33  Zergling x2  
  128  11:34  Zergling x10  
  131  11:41  Zergling x8  
  131  11:42  Zergling x4  
  137  11:48  Drone x2  
  137  11:49  Drone x4  
  137  11:50  Drone  
  137  11:53  Zerg Melee Weapons Level 1  
  143  11:55  Hydralisk  
  143  12:00  Overseer  
  143  12:03  Hydralisk x3  
  144  12:12  Roach x4  
  137  12:27  Hydralisk  
  137  12:28  Hydralisk x4  
  140  12:31  Drone x3  
  140  12:32  Drone  
  140  12:34  Roach  
  134  12:44  Drone  
  134  12:45  Roach  
  134  12:46  Roach  
  137  12:51  Hydralisk x3  
  137  12:52  Hydralisk  
  145  13:00  Hydralisk x3  
  145  13:01  Zergling x2  
  141  13:19  Drone x3  
  144  13:20  Overlord  
  134  13:36  Hatchery  
  134  13:38  Zergling x20  
  134  13:39  Zergling x14  
  131  13:50  Overlord  
  131  13:52  Overseer  
  129  13:59  Lurker x2  
  129  14:00  Lurker  
  129  14:01  Lurker  
  131  14:05  Lurker x2  
  133  14:08  Hatchery  
Show
View Real Time Build Order
Export as new Build Order

喵帕斯 Zerg - Winner!

Build Orders:  

Get SALT Encoding   

  12  0:01  Probe (Chrono Boost)  
  13  0:11  Probe (Chrono Boost)  
  14  0:18  Pylon  
  14  0:22  Probe (Chrono Boost)  
  15  0:37  Probe (Chrono Boost)  
  15  0:38  Gateway  
  16  0:47  Probe (Chrono Boost)  
  16  0:49  Assimilator  
  17  0:58  Probe (Chrono Boost)  
  18  1:08  Probe (Chrono Boost)  
  18  1:11  Gateway  
  19  1:19  Probe (Chrono Boost)  
  20  1:26  Cybernetics Core  
  20  1:29  Probe (Chrono Boost)  
  20  1:32  Pylon  
  21  1:40  Probe (Chrono Boost)  
  22  1:50  Probe (Chrono Boost)  
  23  1:57  Nexus  
  23  2:02  Adept  
  23  2:06  Adept  
  25  2:13  Warp Gate  
  25  2:14  Assimilator  
  27  2:27  Pylon, Probe (Chrono Boost)  
  28  2:38  Mothership Core (Chrono Boost)  
  30  2:50  Adept  
  32  2:55  Adept  
  32  2:56  Probe (Chrono Boost)  
  35  3:06  Probe (Chrono Boost)  
  35  3:10  Twilight Council  
  35  3:11  Probe (Chrono Boost)  
  37  3:18  Probe (Chrono Boost)  
  38  3:21  Probe (Chrono Boost)  
  38  3:27  Gateway  
  39  3:30  Probe (Chrono Boost)  
  39  3:32  Probe (Chrono Boost)  
  39  3:33  Resonating Glaives  
  39  3:34  Pylon  
  42  3:42  Probe x2 (Chrono Boost)  
  43  3:54  Probe (Chrono Boost)  
  44  3:56  Gateway  
  44  3:58  Gateway  
  44  4:02  Gateway  
  44  4:05  Probe (Chrono Boost)  
  44  4:07  Probe (Chrono Boost)  
  45  4:17  Probe (Chrono Boost)  
  45  4:18  Adept x2  
  45  4:20  Adept  
  51  4:24  Pylon  
  51  4:28  Robotics Facility  
  52  4:32  Probe x2 (Chrono Boost)  
  53  4:39  Adept x2  
  53  4:42  Adept  
  59  4:52  Probe (Chrono Boost)  
  60  4:53  Adept x2  
  60  4:58  Stalker  
  66  5:00  Probe (Chrono Boost)  
  66  5:03  Pylon  
  66  5:04  Assimilator  
  66  5:05  Blink  
  66  5:06  Assimilator  
  67  5:09  Sentry  
  67  5:10  Pylon  
  70  5:21  Probe (Chrono Boost)  
  70  5:25  Pylon  
  68  5:30  Nexus, Warp Prism  
  66  5:45  Gateway  
  66  5:46  Forge  
  66  5:49  Probe x2 (Chrono Boost)  
  68  5:51  Adept  
  68  5:52  Sentry  
  66  6:01  Immortal  
  66  6:03  Probe (Chrono Boost)  
  67  6:09  Forge  
  69  6:13  Pylon  
  69  6:17  Adept x3  
  71  6:24  Stalker  
  71  6:25  Stalker  
  71  6:28  Probe (Chrono Boost)  
  71  6:29  Probe (Chrono Boost)  
  73  6:33  Pylon  
  73  6:35  Immortal  
  74  6:40  Probe (Chrono Boost)  
  74  6:45  Stalker x2  
  82  6:50  Stalker  
  84  6:58  Stalker  
  86  7:03  Adept  
  86  7:04  Adept  
  86  7:06  Pylon  
  86  7:07  Pylon  
  90  7:09  Stalker  
  90  7:11  Protoss Ground Weapons Level 1  
  90  7:19  Observer  
  91  7:22  Pylon  
  91  7:25  Probe x2 (Chrono Boost)  
  91  7:26  Probe (Chrono Boost)  
  95  7:37  Probe x2 (Chrono Boost)  
  95  7:38  Probe (Chrono Boost)  
  95  7:39  Stalker x5  
  95  7:43  Pylon  
  103  7:45  Immortal  
  103  7:46  Assimilator  
  107  7:57  Probe x2 (Chrono Boost)  
  109  8:00  Stalker x2  
  109  8:03  Stalker  
  116  8:06  Probe (Chrono Boost)  
  116  8:09  Probe x2 (Chrono Boost)  
  116  8:12  Pylon  
  116  8:13  Stalker  
  116  8:19  Pylon  
  118  8:22  Pylon  
  116  8:32  Stalker x4  
  124  8:36  Probe (Chrono Boost)  
  124  8:38  Pylon  
  124  8:40  Pylon  
  97  8:56  Adept x3  
  97  8:58  Stalker x4  
  97  9:01  Probe (Chrono Boost)  
  110  9:03  Protoss Ground Weapons Level 2  
  102  9:13  Probe (Chrono Boost)  
  102  9:14  Gateway  
  102  9:16  Stalker x2  
  107  9:18  Assimilator, Stalker  
  107  9:23  Stalker  
  107  9:24  Stalker  
  113  9:33  Stalker x2  
  117  9:43  Stalker x3  
  123  9:47  Stalker x2  
  125  9:59  Stalker x2  
  125  10:05  Stalker  
  117  10:08  Stalker  
  117  10:10  Stalker x3  
  107  10:15  Stalker  
  91  10:22  Stalker x2  
  91  10:26  Stalker  
  83  10:30  Stalker  
  83  10:34  Stalker x2  
  83  10:35  Stalker x2  
  79  10:44  Stalker  
  81  10:51  Stalker x3  
  81  10:54  Mothership Core (Chrono Boost)  
  83  11:03  Warp Prism  
  83  11:04  Stalker x3  
  91  11:13  Stalker  
  91  11:15  Stalker  
  95  11:27  Nexus  
  95  11:30  Pylon  
  95  11:37  Stalker, Observer  
  95  11:38  Dark Shrine  
  98  11:42  Stalker  
  98  11:45  Stalker  
  103  11:48  Probe (Chrono Boost)  
  103  11:54  Stalker x2  
  103  11:55  Observer  
  103  11:59  Adept x2  
  112  12:02  Adept  
  112  12:07  Stalker  
  114  12:20  Immortal  
  103  12:32  Adept x2  
  103  12:33  Adept x3  
  87  12:46  Stalker x2  
  90  12:58  Observer  
  77  13:03  Stalker x3  
  74  13:17  Dark Templar  
  62  13:29  Dark Templar  
  62  13:33  Dark Templar  
  47  13:54  Probe (Chrono Boost)  
  47  13:55  Probe (Chrono Boost)  
Show
View Real Time Build Order
Export as new Build Order

iGJim Protoss 

Build Orders:  

Get SALT Encoding   

Show
View Real Time Build Order
Export as new Build Order

iGRushcrazy Protoss 

Build Orders:  

Get SALT Encoding   

Tags
 
Add a new tag
Caveats
  • Supply blocks, unpowered buildings, or Contaminate may cause inaccurate times.
  • Supply counts are checked every 10 seconds.